 Dungeon Crawl Stone Soup version 0.17-a0-105-g8f3376a (webtiles) character file.

95 Ngotmuk the Covered (level 4, -2/35 HPs)
             Began as a Human Fighter on Mar 18, 2015.
             Killed from afar by an orc wizard (5 damage)
             ... with a puff of frost
             ... on level 3 of the Dungeon.
             The game lasted 00:08:34 (1744 turns).

Ngotmuk the Covered (Human Fighter)                 Turns: 1744, Time: 00:08:34

Health: -2/35      AC:  5    Str: 18    XL:     4   Next: 97%
Magic:  4/4        EV:  9    Int:  8    God:
Gold:   209        SH:  9    Dex: 12    Spells: 0 memorised, 3 levels left

rFire  . . .     SeeInvis .     a - +0 flail
rCold  . . .     Clarity  .     x - +2 leather armour {MR+}
rNeg   . . .     SustAb   .     c - +0 shield
rPois  +         Gourm    .     (no helmet)
rElec  .         Spirit   .     (no cloak)
rCorr  .         Warding  .     (no gloves)
rMut   .         Stasis   .     (no boots)
MR     +....                    (no amulet)
Stlth  +.........               (no ring)
                                m - ring of poison resistance

@: somewhat resistant to hostile enchantments, very unstealthy
A: no striking features
a: no special abilities


You were on level 3 of the Dungeon.
You were not hungry.

You visited 1 branch of the dungeon, and saw 4 of its levels.

You collected 209 gold pieces.

Inventory:

Hand weapons
 a - a +0 flail (weapon)
Armour
 c - a +0 shield (worn)
 x - a +2 leather armour of magic resistance (worn)
Jewellery
 m - a ring of poison resistance (left hand)
 n - a +2 ring of dexterity {unknown}
Scrolls
 g - a scroll of teleportation {unknown}
 h - 2 scrolls of enchant armour {unknown}
 i - 2 scrolls of remove curse {unknown}
 j - a scroll of blinking {unknown}
 l - a scroll of identify {unknown}
 o - a scroll of amnesia {unknown}
 r - 2 scrolls of random uselessness {unknown}
 s - a scroll of fear {unknown}
Potions
 d - a potion of restore abilities {unknown}
 e - 6 potions of might
 f - a potion of flight {unknown}
 k - a potion of curing {unknown}
 p - a potion of mutation {unknown}
 q - 2 potions of agility {unknown}
 t - a potion of invisibility {unknown}
 v - a potion of degeneration {unknown}
 w - a potion of cure mutation {unknown}
Comestibles
 u - a beef jerky


   Skills:
 + Level 3.5 Fighting
 + Level 2.6 Maces & Flails
 + Level 3.5 Armour
 + Level 1.7 Dodging
 + Level 3.5 Shields


You had 3 spell levels left.
You didn't know any spells.

Dungeon Overview and Level Annotations

Branches:
Dungeon (4/15)
 Temple: D:4-7

Altars:
Zin

Annotations:
D:4 Pikaro's ghost, experienced VSAs


Message History

You kill the orc wizard!
You block the bat's attack.
The orc wizard's eyes start to glow.
The bat closely misses you. You block the bat's attack.
The orc wizard gestures at you while chanting.
The puff of frost hits you!
* * * LOW HITPOINT WARNING * * *
The bat misses you.
There is a stone staircase leading down here.
The bat hits you but does no damage.
You climb downwards.
There is a stone staircase leading up here.
You start resting.
Pikaro's ghost (experienced Vine Stalker Assassin) comes into view.
It is wielding a weapon of distortion.
Pikaro's ghost wails.
You climb upwards.
You block the bat's attack. The orc wizard casts a spell at you.
The puff of frost hits you!
You die...

#.######.........................
#..............................
#.####...[.....................
#...................##......#
#.##.......#.##..........)..# #
#.......#+##.............#
#.....................####
##.......oo........ ..
#...###....b@...# ..
#...###........## ..
#.....####o....# #..
#.........o....# ##..
.#......†.....## ....
#.....[........# ....
#................ .....
#....##.....#### .....
#...........## .....


You could see an orc wizard, 3 orcs and a bat.

Vanquished Creatures
  An orc wizard (D:3)
  Ijyb (D:3)
  An adder (D:2)
  A worm (D:2)
  A giant gecko (D:2)
  An orc (D:3)
  2 giant cockroaches (D:3)
  4 hobgoblins
  10 kobolds
  2 ball pythons
  4 bats
  2 giant newts
  2 goblins
  4 rats (D:1)
36 creatures vanquished.

Notes
Turn   | Place    | Note
--------------------------------------------------------------
     0 | D:1      | Ngotmuk, the Human Fighter, began the quest for the Orb.
     0 | D:1      | Reached XP level 1. HP: 18/18 MP: 1/1
   321 | D:1      | Reached XP level 2. HP: 18/24 MP: 2/2
   793 | D:2      | Reached skill level 1 in Dodging
   793 | D:2      | Reached XP level 3. HP: 29/29 MP: 3/3
   916 | D:2      | Found a glowing silver altar of Zin.
  1561 | D:3      | Noticed Ijyb
  1577 | D:3      | Killed Ijyb
  1577 | D:3      | Reached XP level 4. HP: 32/35 MP: 4/4
  1743 | D:4      | Noticed Pikaro's ghost (experienced VSAs)
  1744 | D:3      | Killed from afar by an orc wizard

Action                   |  1- 3 |  4- 6 || total
-------------------------+-------+-------++-------
Melee: Flail             |    78 |    23 ||   101
  Eat: Bread ration      |     1 |       ||     1
